TOP OF THE 1ST |
St. Louis Browns batting - Pitching for Houston Marshals : LHP José Hidalgo
|
Pitching: LHP José Hidalgo
|
|
Batting: LHB Mike Hill
|
0-0: Ball 1-0: Ball 2-0: Ball 3-0: Foul Ball, location: 2F 3-1: Swinging Strike 3-2: Foul Ball, location: 2F 3-2: Strikes out swinging
|
Batting: RHB Carlos Alfaro
|
0-0: Ball 1-0: Swinging Strike 1-1: Foul Ball, location: 2F 1-2: Ball 2-2: Ball 3-2: Foul Ball, location: 2F 3-2: Fly out, F8 (Flyball, 8RXD)
|
Batting: LHB Robin Hill
|
0-0: Called Strike 0-1: SINGLE (Flyball, 9LS)
|
Batting: RHB Anthony Rucker
|
0-0: Foul Ball, location: 2F 0-1: Ground out 5-3 (Groundball, 56S)
|
Top of the 1st over - 0 run(s), 1 hit(s), 0 error(s), 1 left on base; St. Louis 0 - Houston 0 |
BOTTOM OF THE 1ST |
Houston Marshals batting - Pitching for St. Louis Browns : RHP Armando Avilés
|
Pitching: RHP Armando Avilés
|
|
Batting: SHB Ramón Lugo
|
0-0: Foul Ball, location: 2F 0-1: Foul Ball, location: 2F 0-2: Strikes out swinging
|
Batting: LHB Lewis Barr
|
0-0: Fly out, F7 (Flyball, 7S)
|
Batting: LHB Matt Smith
|
0-0: SOLO HOME RUN (Flyball, 9D), Distance : 358 ft
|
Batting: SHB Juan Gómez
|
0-0: Ball 1-0: Ball 2-0: Called Strike 2-1: Called Strike 2-2: Ball 3-2: Strikes out looking
|
Bottom of the 1st over - 1 run(s), 1 hit(s), 0 error(s), 0 left on base; St. Louis 0 - Houston 1 |
TOP OF THE 2ND |
St. Louis Browns batting - Pitching for Houston Marshals : LHP José Hidalgo
|
Batting: RHB Mario Rosales
|
0-0: Swinging Strike 0-1: Ball 1-1: Ground out 4-3 (Groundball, 4MS)
|
Batting: RHB Vicente Valentín
|
0-0: Called Strike 0-1: Foul Ball, location: 2F 0-2: Strikes out swinging
|
Batting: LHB John Cotton
|
0-0: Fly out, F8 (Flyball, 8LM)
|
Top of the 2nd over - 0 run(s), 0 hit(s), 0 error(s), 0 left on base; St. Louis 0 - Houston 1 |
BOTTOM OF THE 2ND |
Houston Marshals batting - Pitching for St. Louis Browns : RHP Armando Avilés
|
Batting: LHB José Rodríguez
|
0-0: Called Strike 0-1: Ball 1-1: Ball 2-1: Ball 3-1: Called Strike 3-2: Fly out, F8 (Flyball, 8LM)
|
Batting: LHB John Peterson
|
0-0: Foul Ball, location: 2F 0-1: Swinging Strike 0-2: Ball 1-2: Ground out 4-3 (Groundball, 34)
|
Batting: RHB Jim Tracy
|
0-0: Foul Ball, location: 2F 0-1: Ball 1-1: Ball 2-1: Ball 3-1: Base on Balls
|
Batting: RHB Sadao Kimura
|
0-0: Ball 1-0: 2-RUN HOME RUN (Line Drive, 8LXD), Distance : 428 ft
|
Batting: SHB Álex Rosado
|
0-0: Ball 1-0: Ground out U3 (Groundball, 34)
|
Bottom of the 2nd over - 2 run(s), 1 hit(s), 0 error(s), 0 left on base; St. Louis 0 - Houston 3 |
TOP OF THE 3RD |
St. Louis Browns batting - Pitching for Houston Marshals : LHP José Hidalgo
|
Batting: RHB António Venecia
|
0-0: Ball 1-0: SINGLE (Groundball, 6MD)
|
Batting: RHB Domingo Romero
|
0-0: Called Strike 0-1: Ground out 5-3 (Groundball, 56S) António Venecia to second
|
Batting: LHB Mike Hill
|
0-0: Ball 1-0: Ball 2-0: Called Strike 2-1: Swinging Strike 2-2: SINGLE (Groundball, 34D) António Venecia to third Runner from 3rd tries for Home, SAFE, throw made home Mike Hill to second
|
Batting: RHB Carlos Alfaro
|
0-0: Ball 1-0: Foul Ball, location: 2F 1-1: Ball 2-1: Foul Ball, location: 2F 2-2: Ball 3-2: Base on Balls
|
Batting: LHB Robin Hill
|
0-0: Called Strike 0-1: Ball 1-1: Ball 2-1: Swinging Strike 2-2: Foul Ball, location: 2F 2-2: Ball 3-2: Fielders Choice at 2nd, 3-6 (Groundball, 34) Mike Hill to third
|
Batting: RHB Anthony Rucker
|
0-0: Ball 1-0: Ball 2-0: Swinging Strike 2-1: Foul Ball, location: 2F 2-2: Fielders Choice at 2nd, 4-6 (Groundball, 4)
|
Top of the 3rd over - 1 run(s), 2 hit(s), 0 error(s), 1 left on base; St. Louis 1 - Houston 3 |
BOTTOM OF THE 3RD |
Houston Marshals batting - Pitching for St. Louis Browns : RHP Armando Avilés
|
Batting: SHB Ramón Lugo
|
0-0: Ball 1-0: SINGLE (Line Drive, 8LS)
|
Batting: LHB Lewis Barr
|
0-0: Called Strike 0-1: Ball 1-1: Grounds into double play, 6-4-3 (Groundball, 6M)
|
Batting: LHB Matt Smith
|
0-0: Ball 1-0: Foul Ball, location: 2F 1-1: SINGLE (Line Drive, 6MD)
|
Batting: SHB Juan Gómez
|
0-0: Ball 1-0: Foul Ball, location: 2F 1-1: Called Strike 1-2: Ball 2-2: Fly out, F7 (Line Drive, 7)
|
Bottom of the 3rd over - 0 run(s), 2 hit(s), 0 error(s), 1 left on base; St. Louis 1 - Houston 3 |
TOP OF THE 4TH |
St. Louis Browns batting - Pitching for Houston Marshals : LHP José Hidalgo
|
Batting: RHB Mario Rosales
|
0-0: Ball 1-0: Ball 2-0: Ball 3-0: Base on Balls
|
Batting: RHB Vicente Valentín
|
0-0: Swinging Strike 0-1: Ball Wild Pitch! Mario Rosales to second 1-1: Fly out, F8 (Flyball, 8RD)
|
Batting: LHB John Cotton
|
0-0: Ball 1-0: Called Strike 1-1: Swinging Strike 1-2: Ground out 1-3 (Groundball, 13S) Mario Rosales to third
|
Batting: RHB António Venecia
|
0-0: Ball 1-0: Ground out 1-3 (Groundball, P)
|
Top of the 4th over - 0 run(s), 0 hit(s), 0 error(s), 1 left on base; St. Louis 1 - Houston 3 |
BOTTOM OF THE 4TH |
Houston Marshals batting - Pitching for St. Louis Browns : RHP Armando Avilés
|
Batting: LHB José Rodríguez
|
0-0: Foul Ball, location: 2F 0-1: Ball 1-1: Swinging Strike 1-2: Ball 2-2: SINGLE (Groundball, 34D)
|
Batting: LHB John Peterson
|
0-0: Ball 1-0: Ball 2-0: Called Strike 2-1: DOUBLE (Flyball, 8RXD) José Rodríguez to third
|
Batting: RHB Jim Tracy
|
0-0: Called Strike 0-1: Ball 1-1: Ball 2-1: Called Strike 2-2: Ball 3-2: Ground out 6-3 (Groundball, 6) José Rodríguez scores
|
Batting: RHB Sadao Kimura
|
0-0: Called Strike 0-1: Ball 1-1: Called Strike 1-2: SINGLE (Groundball, 6MD) John Peterson to third Runner from 3rd tries for Home, SAFE, no throw
|
Batting: SHB Álex Rosado
|
0-0: Called Strike 0-1: Called Strike 0-2: Ball 1-2: Foul Ball, location: 2F 1-2: DOUBLE (Line Drive, 8LXD) Sadao Kimura to third
|
Batting: SHB Ramón Lugo
|
0-0: Called Strike 0-1: Swinging Strike 0-2: Strikes out looking
|
Batting: LHB Lewis Barr
|
0-0: Ball 1-0: Foul Ball, location: 2F 1-1: Swinging Strike 1-2: Ball 2-2: Ball 3-2: DOUBLE (Groundball, 3L) Sadao Kimura scores Álex Rosado scores
|
Pitching: RHP Cristóbal Gómez
|
|
Batting: LHB Matt Smith
|
0-0: Ball 1-0: Ball 2-0: Foul Ball, location: 2F 2-1: Foul Ball, location: 2F 2-2: Fly out, F6 (Flyball, 6MD)
|
Bottom of the 4th over - 4 run(s), 5 hit(s), 0 error(s), 1 left on base; St. Louis 1 - Houston 7 |
TOP OF THE 5TH |
St. Louis Browns batting - Pitching for Houston Marshals : LHP José Hidalgo
|
Batting: RHB Domingo Romero
|
0-0: Fly out, F8 (Flyball, 8LS)
|
Batting: LHB Mike Hill
|
0-0: Ground out U3 (Groundball, 3L)
|
Batting: RHB Carlos Alfaro
|
0-0: SINGLE (Groundball, 56D)
|
Batting: LHB Robin Hill
|
0-0: Called Strike 0-1: Ball 1-1: Ball 2-1: Ball 3-1: Base on Balls Carlos Alfaro to second
|
Batting: RHB Anthony Rucker
|
0-0: Called Strike 0-1: Called Strike 0-2: Ball 1-2: Ball 2-2: Fly out, F5 (Popup, 5D)
|
Top of the 5th over - 0 run(s), 1 hit(s), 0 error(s), 2 left on base; St. Louis 1 - Houston 7 |
BOTTOM OF THE 5TH |
Houston Marshals batting - Pitching for St. Louis Browns : RHP Cristóbal Gómez
|
Batting: SHB Juan Gómez
|
0-0: Ball 1-0: Ball 2-0: Ball 3-0: Called Strike 3-1: Base on Balls
|
Batting: LHB José Rodríguez
|
0-0: Swinging Strike 0-1: Called Strike 0-2: Foul Ball, location: 2F 0-2: Strikes out looking
|
Batting: LHB John Peterson
|
0-0: Foul Ball, location: 2F 0-1: Ball 1-1: Called Strike 1-2: DOUBLE (Line Drive, 9LM) Juan Gómez to third
|
Batting: RHB Jim Tracy
|
0-0: Swinging Strike 0-1: Swinging Strike 0-2: Ball 1-2: Ground out 6-3 (Groundball, 6) Juan Gómez scores
|
Batting: RHB Sadao Kimura
|
0-0: Fly out, F1 (Line Drive, 13)
|
Bottom of the 5th over - 1 run(s), 1 hit(s), 0 error(s), 1 left on base; St. Louis 1 - Houston 8 |
TOP OF THE 6TH |
St. Louis Browns batting - Pitching for Houston Marshals : LHP José Hidalgo
|
Batting: RHB Mario Rosales
|
0-0: Fly out, F9 (Flyball, 9LM)
|
Batting: RHB Vicente Valentín
|
0-0: Ball 1-0: Ball 2-0: Ball 3-0: Called Strike 3-1: SINGLE (Line Drive, 8LS)
|
Batting: LHB John Cotton
|
0-0: Foul Ball, location: 2F 0-1: Foul Ball, location: 2F 0-2: Ball 1-2: Strikes out swinging
|
Batting: RHB António Venecia
|
0-0: Ball 1-0: Called Strike 1-1: Foul Ball, location: 2F 1-2: Ball 2-2: Foul Ball, location: 2F 2-2: Foul Ball, location: 2F 2-2: Strikes out swinging
|
Top of the 6th over - 0 run(s), 1 hit(s), 0 error(s), 1 left on base; St. Louis 1 - Houston 8 |
BOTTOM OF THE 6TH |
Houston Marshals batting - Pitching for St. Louis Browns : RHP Cristóbal Gómez
|
Batting: SHB Álex Rosado
|
0-0: Called Strike 0-1: Ball 1-1: Ball 2-1: Foul Ball, location: 2F 2-2: Fly out, F4 (Line Drive, 4D)
|
Batting: SHB Ramón Lugo
|
0-0: Called Strike 0-1: Called Strike 0-2: Fly out, F8 (Flyball, 8LD)
|
Batting: LHB Lewis Barr
|
0-0: Fly out, F7 (Flyball, 7)
|
Bottom of the 6th over - 0 run(s), 0 hit(s), 0 error(s), 0 left on base; St. Louis 1 - Houston 8 |
TOP OF THE 7TH |
St. Louis Browns batting - Pitching for Houston Marshals : LHP José Hidalgo
|
Pitching: RHP José Gonzáles
|
|
Batting: RHB Domingo Romero
|
0-0: Foul Ball, location: 2F 0-1: Called Strike 0-2: Foul Ball, location: 2F 0-2: Foul Ball, location: 2F 0-2: Ball 1-2: Ground out 5-3 (Groundball, 56S)
|
Batting: LHB Mike Hill
|
0-0: Ball 1-0: Swinging Strike 1-1: SINGLE (Groundball, 34D)
|
Batting: RHB Carlos Alfaro
|
0-0: Foul Ball, location: 2F 0-1: Called Strike 0-2: Ball 1-2: Strikes out swinging Mike Hill steals 2nd base Batter strikes out.
|
Batting: LHB Robin Hill
|
0-0: Called Strike 0-1: Ball 1-1: Foul Ball, location: 2F 1-2: Ball 2-2: Ball 3-2: Foul Ball, location: 2F 3-2: Base on Balls
|
Batting: RHB Anthony Rucker
|
0-0: Ball 1-0: Ball 2-0: Fielders Choice at 2nd, 5-4 (Groundball, 5)
|
Top of the 7th over - 0 run(s), 1 hit(s), 0 error(s), 1 left on base; St. Louis 1 - Houston 8 |
BOTTOM OF THE 7TH |
Houston Marshals batting - Pitching for St. Louis Browns : RHP Cristóbal Gómez
|
Batting: LHB Matt Smith
|
0-0: SINGLE (Line Drive, 9S)
|
Batting: SHB Juan Gómez
|
0-0: Ball 1-0: Ball 2-0: Grounds into double play, U3-6 (Groundball, 3L)
|
Batting: LHB José Rodríguez
|
0-0: Ball 1-0: Called Strike 1-1: Ball 2-1: SINGLE (Groundball, 6D)
|
Batting: LHB John Peterson
|
0-0: Ball 1-0: Fly out, F2 (Popup, 5S)
|
Bottom of the 7th over - 0 run(s), 2 hit(s), 0 error(s), 1 left on base; St. Louis 1 - Houston 8 |
TOP OF THE 8TH |
St. Louis Browns batting - Pitching for Houston Marshals : RHP José Gonzáles
|
Batting: RHB Mario Rosales
|
0-0: SOLO HOME RUN (Flyball, 7D), Distance : 384 ft
|
Batting: RHB Vicente Valentín
|
0-0: Ball 1-0: DOUBLE (Groundball, 5L)
|
Batting: LHB John Cotton
|
0-0: Fly out, F8 (Flyball, 8LM)
|
Batting: RHB António Venecia
|
0-0: Called Strike 0-1: Foul Ball, location: 2F 0-2: Strikes out looking
|
Batting: RHB Domingo Romero
|
0-0: Ball 1-0: Foul Ball, location: 2F 1-1: Ground out 4-3 (Groundball, 4S)
|
Top of the 8th over - 1 run(s), 2 hit(s), 0 error(s), 1 left on base; St. Louis 2 - Houston 8 |
BOTTOM OF THE 8TH |
Houston Marshals batting - Pitching for St. Louis Browns : RHP Cristóbal Gómez
|
Pitching: RHP John Allan
|
|
Batting: RHB Jim Tracy
|
0-0: Ball 1-0: Swinging Strike 1-1: Ball 2-1: Foul Ball, location: 2F 2-2: Ground out 2-3 (Groundball, 2L)
|
Batting: RHB Sadao Kimura
|
0-0: Called Strike 0-1: Foul Ball, location: 2F 0-2: Foul Ball, location: 2F 0-2: Foul Ball, location: 2F 0-2: Foul Ball, location: 2F 0-2: DOUBLE (Groundball, 5L)
|
Batting: SHB Álex Rosado
|
0-0: Ball 1-0: Fly out, F6 (Line Drive, 6)
|
Batting: SHB Ramón Lugo
|
0-0: Ball 1-0: Ball 2-0: Foul Ball, location: 2F 2-1: Called Strike 2-2: Ball 3-2: Fly out, F7 (Flyball, 7LMF)
|
Bottom of the 8th over - 0 run(s), 1 hit(s), 0 error(s), 1 left on base; St. Louis 2 - Houston 8 |
TOP OF THE 9TH |
St. Louis Browns batting - Pitching for Houston Marshals : RHP José Gonzáles
|
Now at 2B: Alberto Velásquez
|
|
Batting: LHB Mike Hill
|
0-0: Ball 1-0: Called Strike 1-1: Called Strike 1-2: Foul Ball, location: 2F 1-2: Fly out, F8 (Flyball, 8LM)
|
Batting: RHB Carlos Alfaro
|
0-0: Called Strike 0-1: Ball 1-1: Foul Ball, location: 2F 1-2: Ball 2-2: Foul Ball, location: 2F 2-2: Ball 3-2: Fly out, F9 (Line Drive, 9D)
|
Batting: LHB Robin Hill
|
0-0: Ball 1-0: SINGLE (Groundball, 34S) (infield hit)
|
Batting: RHB Anthony Rucker
|
0-0: Ball 1-0: Ball 2-0: Called Strike 2-1: Called Strike 2-2: Fielders Choice at 2nd, 4-6 (Groundball, 4)
|
Top of the 9th over - 0 run(s), 1 hit(s), 0 error(s), 0 left on base; St. Louis 2 - Houston 8 |
|